 Dungeon Crawl Stone Soup version 0.29-a0-553-g81b289dbe5 (webtiles) character file.

Game seed: 13117332247404782860

61 HessuHobo the Skirmisher (level 4, -2/29 HPs)
             Began as a Gargoyle Fighter on June 7, 2022.
             Slain by Terence
             ... wielding a +0 hand axe
              (3 damage)
             ... on level 2 of the Dungeon.
             The game lasted 00:01:51 (2599 turns).

HessuHobo the Skirmisher (Gargoyle Fighter)         Turns: 2599, Time: 00:01:52

Health: -2/29      AC: 11    Str: 22    XL:     4   Next: 7%
Magic:  4/4        EV:  9    Int:  8    God:
Gold:   90         SH:  4    Dex:  9    Spells: 3/3 levels left

rFire   . . .      SeeInvis .   a - +0 flail
rCold   . . .      Faith    .   c - +0 buckler
rNeg    + . .      Spirit   .   b - +0 scale mail
rPois   ∞          Reflect  .   (no helmet)
rElec   +          Harm     .   g - +0 cloak
rCorr   .          Rampage  .   (no gloves)
Will    .....                   (no boots)
Stlth   ..........              (no amulet)
HPRegen 0.09/turn               (no ring)
MPRegen 0.09/turn               (no ring)

@: no status effects
A: sickness immunity, AC +3, negative energy resistance 1, electricity
resistance, torment resistance 1, petrification resistance
a: no special abilities


You were on level 2 of the Dungeon.
You visited 1 branch of the dungeon, and saw 2 of its levels.

You collected 90 gold pieces.

Inventory:

Hand Weapons
 a - a +0 flail (weapon)
Missiles
 m - 6 poisoned darts (quivered)
Armour
 b - a +0 scale mail (worn)
 c - a +0 buckler (worn)
 g - a +0 cloak (worn)
Scrolls
 e - a scroll of silence {unknown}
 i - a scroll of teleportation {unknown}
 n - 2 scrolls of identify {unknown}
 o - a scroll of magic mapping {unknown}
 p - a scroll of enchant weapon {unknown}
Potions
 d - a potion of might
 f - a potion of berserk rage
 h - a potion of curing {unknown}
 j - a potion of mutation {unknown}
 k - a potion of lignification {unknown}
 l - 2 potions of resistance {unknown}
 q - 2 potions of brilliance {unknown}


   Skills:
 + Level 4.0 Fighting
 + Level 2.9 Maces & Flails
 + Level 4.0 Armour
 - Level 3.2 Shields


You had 3 spell levels left.
You didn't know any spells.
Your spell library contained the following spells:

 Spells                   Type           Power      Damage    Failure   Level
 Foxfire                  Conj/Fire      0%         2x1d4     82%         1
 Freeze                   Ice            0%         1d3       82%         1
 Conjure Flame            Conj/Fire      0%         6-21      99%         3
 Dazzling Flash           Conj/Hex       0%         N/A       99%         3
 Frozen Ramparts          Ice            0%         1d2       99%         3
 Inner Flame              Hex/Fire       0%         N/A       99%         3
 Flame Wave               Conj/Fire      0%         2d4       100%        4
 Hailstorm                Conj/Ice       0%         3d3       100%        4
 Agony                    Necr           0%         N/A       100%        5
 Silence                  Hex/Air        0%         N/A       100%        5


Dungeon Overview and Level Annotations

Branches:
Dungeon (2/15)

Altars:

Annotations:
D:2 Terence


Innate Abilities, Weirdness & Mutations

You are immune to sickness and miasma.
Your stone body is resilient. (AC +3)
You are immune to poison.
You resist negative energy. (rN+)
You are resistant to electric shocks. (rElec)
You are resistant to unholy torment.
You are immune to petrification.


Message History

You kill the adder!
You have reached level 4!
You feel stronger.
You start resting.
HP restored.
You start waiting.
Done waiting.
Found a hunting sling.
You now have 90 gold pieces (gained 16).
Found a stone staircase leading down.
Terence the Incautious comes into view.
He is wielding a +0 hand axe.
Terence shouts!
Terence is nearby!
Terence is nearby!
Terence is nearby!
A goblin comes into view. It is wielding a +0 dagger.
The goblin shouts!
Terence drinks a potion.
Terence goes berserk!
The goblin unwields a +0 dagger.
The goblin wields a +0 hunting sling.
The goblin shoots a sling bullet.
The sling bullet barely misses you. You block Terence's attack.
Press: ? - help, v - describe, . - travel, g - get item
Here: Terence, wielding a +0 hand axe and wearing a +0 ring mail (berserk) Item here: a hunting sling.
The floor.
Terence misses you. Terence hits you with a +0 hand axe.
Terence attacks as you move away! Terence barely misses you.
Terence hits you with a +0 hand axe!
You hit Terence but do no damage. Terence hits you with a +0 hand axe!
* * * LOW HITPOINT WARNING * * *
Terence hits you with a +0 hand axe.
* * * LOW HITPOINT WARNING * * *
You sock Terence!
Terence is moderately wounded.
Terence closely misses you. You block Terence's attack.
You completely miss Terence.
Terence is moderately wounded.
Terence hits you with a +0 hand axe.
You die...

### ### ##.## ##.##
##...##########.#.###
##.....#........###..########
#........#####.## ##...>.....
####.....### ##.###..######..
........## ##.#.#.# ######..#
######.##.######.
#..######..@@g...........
#.........####.....######
#..######## #...#.#
#..####### #.....#
##...............#..#
##.#.############.#.)#
#.###...........#.#....
##.#.#######.......#.###
##.## ####.......#.#


You could see Terence (berserk) and a goblin.

Vanquished Creatures
  An adder (D:2)
  2 worms (D:2)
  2 dart slugs
  2 ball pythons (D:1)
  2 endoplasms (D:1)
  2 giant cockroaches (D:1)
  7 goblins
  4 hobgoblins (D:1)
  2 jackals (D:1)
  3 kobolds (D:1)
  2 quokkas (D:1)
  3 bats
  3 frilled lizards
  4 rats
39 creatures vanquished.

Vanquished Creatures (others)
  3 plants (D:1)
3 creatures vanquished.

Grand Total: 42 creatures vanquished

Notes
Turn   | Place    | Note
-------+----------+-------------------------------------------
     0 | D:1      | HessuHobo the Gargoyle Fighter began the quest for the Orb.
     0 | D:1      | Reached XP level 1. HP: 14/14 MP: 1/1
   355 | D:1      | Reached XP level 2. HP: 17/19 MP: 2/2
   830 | D:1      | Reached XP level 3. HP: 17/24 MP: 3/3
  2046 | D:2      | Found a faded altar of an unknown god.
  2391 | D:2      | Reached XP level 4. HP: 27/29 MP: 4/4
  2587 | D:2      | Noticed Terence
  2597 | D:2      | HP: 1/29 [Terence/+0 hand axe (4)]
  2599 | D:2      | Slain by Terence

Illustrated notes

Levels and vault maps discovered:
D:1:      ebering_trefoil_twist, layout_rooms, chequers_big_river
D:2:      layout_loops_ring, hellmonk_ecumenical_altar_blasted,
          kennysheep_potato, uniq_terence, uniq_robin

Skill      XL: |  1  2  3 |
---------------+----------+-----
Fighting       | 4 |  4.0
Armour         | 4 |  4.0
Maces & Flails | |  2.9
Shields        | |  3.2

Action                   |  1- 3 |  4- 6 || total
-------------------------+-------+-------++-------
Melee: Flail             |   153 |     3 ||   156
Armor: Scale mail        |   109 |       ||   109
Dodge: Dodged            |    80 |     4 ||    84
Block: Buckler           |    40 |     2 ||    42

Table legend: (Time is in decaauts)
 A = Elapsed time spent in this place.
 B = Non-inter-level travel time spent in this place.
 C = Inter-level travel time spent in this place.
 D = Time resting spent in this place.
 E = Time spent auto-exploring this place.
 F = Levels seen in this place.
 G = Mean time per level.
                   A        B        C        D        E       F      G
               +--------+--------+--------+--------+--------+-----+--------+
         Total |   2659 |   2554 |    105 |   1241 |    951 |   2 | 1329.5 |
       Dungeon |   2659 |   2554 |    105 |   1241 |    951 |   2 | 1329.5 |
               +--------+--------+--------+--------+--------+-----+--------+

Top non-repeatable levels by time:
     D:1: 1737 daAuts
     D:2: 922 daAuts
